 Dungeon Crawl Stone Soup version 0.30-a0-553-g7fabdf1491 (webtiles) character file.

Game seed: 5574708840428929122

86 greasedhog the Shooter (level 4, -3/37 HPs)
             Began as a Formicid Hunter on Dec 26, 2022.
             Killed from afar by an orc wizard (8 damage)
             ... with a puff of flame
             ... on level 2 of the Dungeon.
             The game lasted 00:02:13 (1430 turns).

greasedhog the Shooter (Formicid Hunter)            Turns: 1430, Time: 00:02:14

Health: -3/37      AC:  3    Str: 16    XL:     4   Next: 77%
Magic:  4/4        EV: 12    Int:  8    God:
Gold:   104        SH:  0    Dex: 19    Spells: 3/3 levels left

rFire   . . .      SeeInvis +    a - +0 shortbow
rCold   . . .      Faith    .    (no shield)
rNeg    . . .      Spirit   .    c - +0 leather armour
rPois   .          Reflect  .    (helmet unavailable)
rElec   .          Harm     .    (no cloak)
rCorr   .          Rampage  .    (no gloves)
Will    .....                    (no boots)
Stlth   ++                       (no amulet)
HPRegen 0.26/turn                (no ring)
MPRegen 0.09/turn                (no ring)

@: no status effects
A: permanent stasis, dig shafts and tunnels, antennae 3, four strong arms
a: Dig, Shaft Self


You were on level 2 of the Dungeon.
You visited 1 branch of the dungeon, and saw 3 of its levels.

You collected 104 gold pieces.

Inventory:

Hand Weapons
 a - a +0 shortbow (weapon)
Armour
 c - a +0 leather armour (worn)
Jewellery
 e - a ring of poison resistance
Scrolls
 b - a scroll of immolation
 g - 2 scrolls of amnesia
 h - a scroll of fear {unknown}
 j - 2 scrolls of teleportation {unknown}
Potions
 d - 2 potions of heal wounds
 f - 2 potions of curing
 i - a potion of mutation {unknown}
 k - a potion of magic {unknown}


   Skills:
 * Level 3.9 Fighting
 * Level 5.0 Ranged Weapons
 - Level 1.7 Dodging
 - Level 1.2 Stealth


You had 3 spell levels left.
You didn't know any spells.
Your spell library contained the following spells:

 Spells                   Type           Power      Damage    Failure   Level
 Cause Fear               Hex            0%         N/A       99%         4
 Dragon Form              Tmut           0%         N/A       100%        7
 Dragon's Call            Summ           0%         N/A       100%        9


Dungeon Overview and Level Annotations

Branches:
Dungeon (3/15)

Altars:
Hepliaklqana

Shops:
D:2 (


Innate Abilities, Weirdness & Mutations

You cannot be hasted, slowed, berserked, paralysed or teleported.
You can dig through walls and to a lower floor.
You have a pair of large antennae on your head. (SInv)
Your four strong arms can wield two-handed weapons with a shield.


Message History

Aim: an orc wizard, wielding a +1 vampiric dagger and wearing a +0 robe (lightly wounded, slightly transparent, 58% to hit)
You shoot an arrow. The arrow hits the orc.
You kill the orc!
The orc wizard points at you and mumbles some strange words.
The magic dart hits you.
* * * LOW HITPOINT WARNING * * *
Your Ranged Weapons skill increases to level 5!
Fire: a) +0 shortbow
Press: ? - help, Q - select action, (/) - cycle Shift-Dir - straight line, f/p - orc wizard
Aim: an orc wizard, wielding a +1 vampiric dagger and wearing a +0 robe (lightly wounded, slightly transparent, 58% to hit)
You shoot an arrow. The arrow barely misses the orc wizard.
Fire: a) +0 shortbow
Press: ? - help, Q - select action, (/) - cycle Shift-Dir - straight line, f/p - orc wizard
Aim: an orc wizard, wielding a +1 vampiric dagger and wearing a +0 robe (lightly wounded, slightly transparent, 58% to hit)
You shoot an arrow.
The arrow closely misses the orc wizard.
The orc wizard hits you with a +1 vampiric dagger.
* * * LOW HITPOINT WARNING * * *
The orc wizard draws strength from your wounds!
The orc wizard hits you but does no damage.
Fire: a) +0 shortbow
Press: ? - help, Q - select action, (/) - cycle Shift-Dir - straight line, f/p - orc wizard
Aim: an orc wizard, wielding a +1 vampiric dagger and wearing a +0 robe (slightly transparent, 58% to hit)
You shoot an arrow. The arrow barely misses the orc wizard.
The orc wizard hits you with a +1 vampiric dagger.
* * * LOW HITPOINT WARNING * * *
Fire: a) +0 shortbow
Press: ? - help, Q - select action, (/) - cycle Shift-Dir - straight line, f/p - orc wizard
Aim: an orc wizard, wielding a +1 vampiric dagger and wearing a +0 robe (slightly transparent, 58% to hit)
You shoot an arrow. The arrow hits the orc wizard!
The orc wizard is severely wounded.
The orc wizard hits you but does no damage.
Fire: a) +0 shortbow
Press: ? - help, Q - select action, (/) - cycle Shift-Dir - straight line, f/p - orc wizard
Aim: an orc wizard, wielding a +1 vampiric dagger and wearing a +0 robe (severely wounded, slightly transparent, 58% to hit)
You shoot an arrow.
The arrow closely misses the orc wizard.
The orc wizard casts a spell at you. The puff of flame hits you!
You die...

##..∩..#.# ######+#.......######
#.#...#..# #.......######.##....
...#.#...# #..............##....
....#....####..............##....
.......#.#.................##....
#......#.#.................##....
.......#.#.....>....##.###.......
.........#...#####...............
......####......@o......#########
...............####.....#........
........................#.####...
..........#....####..............
..........#.................#....
..........#.................#....
....#.......................#....
....######..................###..
....##.............####..........


You could see an orc wizard (invisible).

Vanquished Creatures
  Terence (D:1)
  3 adders (D:2)
  2 worms (D:2)
  An orc (D:2)
  A ball python (D:2)
  2 endoplasms
  A goblin (D:1)
  4 hobgoblins
  4 kobolds
  A quokka (D:1)
  6 bats
  A frilled lizard (D:1)
  2 rats
29 creatures vanquished.

Notes
Turn   | Place    | Note
-------+----------+-------------------------------------------
     0 | D:1      | greasedhog the Formicid Hunter began the quest for the Orb.
     0 | D:1      | Reached XP level 1. HP: 16/16 MP: 1/1
   112 | D:1      | Reached XP level 2. HP: 23/23 MP: 2/2
   491 | D:2      | Reached XP level 3. HP: 24/29 MP: 3/3
   564 | D:2      | Found a hazy altar of Hepliaklqana.
   583 | D:2      | Identified the ring "Jibb" {rC+ Str+4 Int+3 Dex-5}
   606 | D:2      | Noticed Terence
   719 | D:1      | Killed Terence
   720 | D:1      | Reached XP level 4. HP: 19/37 MP: 4/4
  1023 | D:2      | Found Qududd's Antique Weapon Emporium.
  1426 | D:2      | Reached skill level 5 in Ranged Weapons
  1430 | D:2      | Killed from afar by an orc wizard

Illustrated notes

Levels and vault maps discovered:
D:1:      minmay_arrival_semitransparent, layout_rooms, columned_hall_lemuel
D:2:      layout_basic, serial_shops, nicolae_diamond_shop, basic_altar,
          uniq_terence
D:3:      layout_basic, shapermc_ecumenical_altar_totnotflames, minmay_unequal

Skill      XL: |  1  2  3  4 |
---------------+-------------+-----
Fighting       | 3 |  3.9
Ranged Weapons | 5 |  5.0
Dodging        | |  1.7
Stealth        | |  1.2

Action                   |  1- 3 |  4- 6 || total
-------------------------+-------+-------++-------
 Fire: Shortbow          |    51 |    64 ||   115
 Abil: Dig               |     2 |       ||     2
  Use: Scroll            |     3 |     1 ||     4
Armor: Leather armour    |     7 |    10 ||    17
Dodge: Dodged            |    31 |    22 ||    53

Table legend: (Time is in decaauts)
 A = Elapsed time spent in this place.
 B = Non-inter-level travel time spent in this place.
 C = Inter-level travel time spent in this place.
 D = Time resting spent in this place.
 E = Time spent auto-exploring this place.
 F = Levels seen in this place.
 G = Mean time per level.
                   A        B        C        D        E       F      G
               +--------+--------+--------+--------+--------+-----+--------+
         Total |   1466 |   1428 |     38 |    138 |   1018 |   3 |  488.7 |
       Dungeon |   1466 |   1428 |     38 |    138 |   1018 |   3 |  488.7 |
               +--------+--------+--------+--------+--------+-----+--------+

Top non-repeatable levels by time:
     D:2: 860 daAuts
     D:1: 592 daAuts
     D:3: 13 daAuts
